cohdb
Replays
Latest Replays
All Replays
Popular Replays
Top Player Replays
Match Explorer
How It Works
Community
CoH3 Stats
Reddit
Sign in to upload your games and track your stats! →
Sign in with Steam
Match 44489471
Unlisted
Match 44489471
Overview
Messages
Build Orders
End
Panzergrenadier Squad
Panzergrenadier Squad
Panzergrenadier Squad
Construct Light Support Kompanie
Selects Panzerjäger Kommand Battlegroup
Selects Tank Busters
Selects Blockade Equipment
2.5-tonne Medical Truck
Fire Support Elements
Panzerpioneer Squad
MG34 Team
Forward Retreat Point
Construct Panzerarmee Kommand
Veteran Squad Leaders
Emergency Repair Kits
Selects Defensive Positions
Selects Butterfly Bomb Drop
Butterfly Bomb Drop
Walking Stuka Rocket Launcher
RhumsteaK
King Raptor
SHELDONATOR
rlavnfmao
婚嫁
Jon
bomon
ZiraLeone
0
0
Comments
sign in to comment!
No comments posted yet!